 Dungeon Crawl Stone Soup version 0.32-a0-995-gb4a59205af (webtiles) character file.

Game seed: 14864354669492671326

251 protoss039 the Digger (level 5, 39/39 HPs)
             Began as a Demonspawn Earth Elementalist on Apr 22, 2024.
             Got out of the dungeon alive.
             The game lasted 00:05:34 (2624 turns).

protoss039 the Digger (DsEE)                        Turns: 2624, Time: 00:05:34

Health: 39/39      AC: 10    Str: 13    XL:     5   Next: 88%
Magic:  9/9        EV: 10    Int: 24    God:
Gold:   190        SH:  4    Dex: 13    Spells: 3/10 levels left

rFire   . . .        r - +1 war axe "Hygi" {spect, rN+}
rCold   . . .        (no shield)
rNeg    + . .        m - +3 ring mail of Lethargy {Str+5}
rPois   .            (no helmet)
rElec   .            (no cloak)
rCorr   .            (no gloves)
SInv    .            (no boots)
Will    .....        (no amulet)
Stlth   +            e - +6 ring of intelligence
HPRegen 0.26/turn    (no ring)
MPRegen 0.11/turn

%: no passive effects
@: no status effects
A: hooves 1, yellow scales 1, condensation shield
a: no special abilities


You escaped.
You visited 1 branch of the dungeon, and saw 4 of its levels.

You collected 190 gold pieces.

Inventory:

Hand Weapons
 r - the +1 war axe "Hygi" (weapon) {spect, rN+}
   (You found it on level 4 of the Dungeon)

   rN+:       It protects you from negative energy.
Armour
 m - the +3 ring mail of Lethargy (worn) {Str+5}
   (You took it off a hobgoblin on level 2 of the Dungeon)

   Str+5:     It affects your strength (+5).
Jewellery
 e - a +6 ring of intelligence (left hand)
Talismans
 l - a talisman of death
 t - a storm talisman
Wands
 n - a wand of iceblast (4)
Scrolls
 a - a scroll of vulnerability {unknown}
 d - 3 scrolls of poison {unknown}
 f - 2 scrolls of revelation {unknown}
 h - a scroll of amnesia {unknown}
 i - a scroll of identify {unknown}
 k - a scroll of enchant armour {unknown}
 p - a scroll of fear {unknown}
 s - a scroll of torment {unknown}
Potions
 b - 2 potions of magic
 c - 2 potions of might {unknown}
 g - a potion of degeneration {unknown}
 j - 2 potions of ambrosia {unknown}
 o - a potion of haste {unknown}
 q - a potion of heal wounds {unknown}


   Skills:
 + Level 2.4 Fighting
 * Level 2.0 Armour
 + Level 2.4 Dodging
 - Level 1.7 Stealth
 + Level 3.0 Spellcasting
 + Level 2.0 Conjurations
 + Level 3.5 Earth Magic


You had 3 spell levels left.
You knew the following spells:

 Your Spells              Type           Power      Damage    Failure   Level
a - Sandblast             Erth           40%        2d10      5%          1
b - Passwall              Erth           20%        N/A       16%         3
c - Stone Arrow           Conj/Erth      34%        3d9       22%         3

Your spell library contained the following spells:

 Spells                   Type           Power      Damage    Failure   Level
 Shock                    Conj/Air       32%        1d5       16%         1
 Momentum Strike          Conj/Tloc      16%        3d8       22%         2
 Blink                    Tloc           6%         N/A       34%         2
 Lesser Beckoning         Tloc           6%         N/A       34%         2
 Swiftness                Air            3%         N/A       56%         3
 Teleport Other           Tloc           3%         N/A       56%         3
 Brom's Barrelling Bould  Conj/Erth      17%        2d4       58%         4
 Leda's Liquefaction      Alch/Erth      6%         N/A       73%         4
 Petrify                  Alch/Erth      12%        N/A       73%         4
 Lee's Rapid Deconstruct  Erth           10%        3d8*      82%         5
 Airstrike                Air            1%         2d(1-17)  92%         4
 Dispersal                Tloc           1%         N/A       100%        6
 Gell's Gavotte           Tloc           1%         2d(12-17) 100%        6
 Permafrost Eruption      Ice/Erth       6%         2x4d2     100%        6


Dungeon Overview and Level Annotations

Branches:
Dungeon (4/15) Zot: 21332
 Temple: D:4-7

Altars:
Fedhas
Makhleb
Sif Muna

Shops:
D:4 (


Innate Abilities, Weirdness & Mutations

You have large cloven feet.
You are partially covered in yellow scales. (AC +2)
A meltable shield of frost defends you. (SH +4)


Message History

You slash the endoplasm! You kick the endoplasm.
You kill the endoplasm!
There is an open door here.
There is an open door here.
Key pressed, stopping explore.
No target in view!
Found a stone staircase leading up.
No target in view!
Found a storm talisman.
No target in view!
Done exploring.
No target in view!
Done exploring.
No target in view!
Done exploring.
No target in view!
Done exploring.
No target in view!
Done exploring.
Search for what [Enter for "."]? .
You see here a storm talisman.
t - a storm talisman
There is a stone staircase leading down here.
Okay, then.
Okay, then.
Okay, then.
You can't go up here!
What level of the Dungeon? (default 4, ? - help)
You see here a +0 short sword.
There is a stone staircase leading up here.
You climb upwards.
There is a stone staircase leading down here.
There is a stone staircase leading up here.
You climb upwards.
There is a stone staircase leading down here.
There is a stone staircase leading up here.
You climb upwards.
There is a stone staircase leading down here.
There is a staircase leading out of the dungeon here.
You have escaped!

# #....#.#.#.#.#.#.#.#.....# #
#####...............##.#.#### #
#......#..........#....... #
##.......#.......##.#..... #
#.....#....#......#.###### #
##...........#...##.# # #
#....#.#.#.#...#..#.# # #
##...............##.# # #
#...#..#.@.#..#...#.# #### #
##...............##.# #... #
#..#...#.#.#.#....#.###.## #
##...#...........##.##.... #
#......#....#.....#.##.... #
##.......#.......##.##.... #####
#..........#......#.##....
....#####...............##..#....
###......#.#.#.#.#.#.#.#....#....


There were no monsters in sight!

Vanquished Creatures
  A scorpion (D:4)
  A hound (D:4)
  An iron imp (D:4)
  Natasha (twice) (D:3)
  An adder (D:4)
  A dart slug (D:1)
  2 orcs
  3 ball pythons
  5 bats
  7 endoplasms
  2 giant cockroaches
  9 goblins
  8 hobgoblins
  7 jackals (D:3)
  2 quokkas
  A frilled lizard (D:3)
  5 kobolds
  4 rats
62 creatures vanquished.

Notes
Turn   | Place    | Note
-------+----------+-------------------------------------------
     0 | D:1      | protoss039 the Demonspawn Earth Elementalist began the
                  | quest for the Orb.
     0 | D:1      | Reached XP level 1. HP: 13/13 MP: 3/3
   153 | D:1      | Gained mutation: You have large cloven feet. [demonic
                  | ancestry]
   153 | D:1      | Reached XP level 2. HP: 6/20 MP: 0/5
   335 | D:1      | Reached skill level 1 in Fighting
  1089 | D:2      | Identified the +3 ring mail of Lethargy {Str+5}
  1123 | D:2      | Gained mutation: You are partially covered in yellow
                  | scales. (AC +2) [demonic ancestry]
  1123 | D:2      | Reached XP level 3. HP: 11/26 MP: 2/6
  1206 | D:2      | Found a shimmering blue altar of Sif Muna.
  1396 | D:2      | Learned a level 3 spell: Passwall
  1465 | D:3      | Noticed Natasha
  1573 | D:3      | Learned a level 3 spell: Stone Arrow
  1616 | D:3      | Killed Natasha
  1617 | D:3      | Reached XP level 4. HP: 27/33 MP: 5/8
  1717 | D:3      | Noticed Natasha
  1723 | D:3      | Killed Natasha
  1724 | D:3      | Reached skill level 1 in Armour
  1984 | D:4      | Found Qotrutasa's Weapon Shop.
  1992 | D:4      | Gained mutation: A meltable shield of frost defends you.
                  | (SH +4) [demonic ancestry]
  1992 | D:4      | Reached XP level 5. HP: 38/38 MP: 5/9
  2032 | D:4      | Identified the +1 war axe "Hygi" {spect, rN+}
  2054 | D:4      | Found a blossoming altar of Fedhas.
  2146 | D:4      | Found a burning altar of Makhleb.
  2624 | D:$      | Got out of the dungeon alive.

Illustrated notes

Levels and vault maps discovered:
D:1:      co_arrival_square_in_a_square_in_a_square, layout_basic,
          corner_web_ring
D:2:      layout_rooms, serial_forest, infiniplex_forest_clump_double,
          infiniplex_forest_corner_1, infiniplex_forest_clump_tiny,
          infiniplex_forest_clump_C, infiniplex_forest_end_2,
          infiniplex_forest_zigzag_2, infiniplex_forest_straight_4,
          infiniplex_forest_join, basic_altar
D:3:      layout_rooms, zin_statuary, uniq_natasha
D:4:      layout_basic, demons_altar, mainiacjoe_overflow_alcove_1,
          serial_shops, shop, chequers_arboretum

Skill      XL: |  1  2  3  4  5 |
---------------+----------------+-----
Fighting       | 1 2 |  2.4
Earth Magic    | 3 |  3.5
Dodging        | 2 |  2.4
Armour         | 1 2 |  2.0
Spellcasting   | 3 |  3.0
Conjurations   | 2 |  2.0
Stealth        | |  1.7

Action                     |  1- 3 |  4- 6 || total
---------------------------+-------+-------++-------
  Melee: Unarmed           |     6 |       ||     6
         Short sword       |    76 |    21 ||    97
         Kick              |    19 |    10 ||    29
         War axe           |       |    30 ||    30
   Cast: Sandblast         |    44 |    13 ||    57
         Passwall          |       |     2 ||     2
   Stab: Sleeping          |       |     1 ||     1
 Armour: Robe              |    17 |       ||    17
         Ring mail         |    66 |    52 ||   118
  Dodge: Dodged            |    63 |    36 ||    99
  Block: Other             |       |     6 ||     6

Table legend: (Time is in decaauts)
 A = Elapsed time spent in this place.
 B = Non-inter-level travel time spent in this place.
 C = Inter-level travel time spent in this place.
 D = Time resting spent in this place.
 E = Time spent auto-exploring this place.
 F = Levels seen in this place.
 G = Mean time per level.
                   A        B        C        D        E       F      G
               +--------+--------+--------+--------+--------+-----+--------+
         Total |   2667 |   2469 |    198 |    116 |   1702 |   4 |  666.8 |
       Dungeon |   2667 |   2469 |    198 |    116 |   1702 |   4 |  666.8 |
               +--------+--------+--------+--------+--------+-----+--------+

Top non-repeatable levels by time:
     D:1: 762 daAuts
     D:2: 756 daAuts
     D:4: 622 daAuts
     D:3: 526 daAuts
